 Dungeon Crawl Stone Soup version 0.31-a0-675-g238779eb0a (webtiles) character file.

Game seed: 2422096187562015661

261 Essalna the Conjurer (level 5, 0/37 HPs)
             Began as a Demonspawn Conjurer on Sept 5, 2023.
             Slain by an orc wizard
             ... wielding a +3 dagger of protection
              (2 damage)
             ... on level 4 of the Dungeon.
             The game lasted 00:05:07 (3092 turns).

Essalna the Conjurer (Demonspawn Conjurer)          Turns: 3092, Time: 00:05:08

Health: 0/37       AC:  3    Str:  7    XL:     5   Next: 96%
Magic:  5/11       EV: 14    Int: 27    God:
Gold:   154        SH:  0    Dex: 12    Spells: 9/12 levels left

rFire   . . .        o - +3 club (spect)
rCold   + . .        (no shield)
rNeg    . . .        c - +0 robe {Will+}
rPois   .            (no helmet)
rElec   .            e - +0 cloak
rCorr   .            (no gloves)
SInv    .            (no boots)
Will    +....        s - amulet of regeneration
Stlth   +            f - +6 ring of intelligence
HPRegen 1.06/turn    k - ring of protection from cold
MPRegen 0.12/turn

%: no passive effects
@: confused
A: repulsion field 1, powered by death 1
a: no special abilities


You were on level 4 of the Dungeon.
You visited 1 branch of the dungeon, and saw 4 of its levels.

You collected 154 gold pieces.

Inventory:

Hand Weapons
 g - a +0 whip of protection
 o - a +3 spectral club (weapon)
Armour
 a - a +0 robe
 c - a +0 robe of willpower (worn)
 e - a +0 cloak (worn)
Jewellery
 f - a +6 ring of intelligence (left hand)
 k - a ring of protection from cold (right hand)
 s - an amulet of regeneration (around neck)
Wands
 n - a wand of flame (9)
Scrolls
 d - a scroll of teleportation
 r - a scroll of fear {unknown}
Potions
 b - a potion of magic
 h - 2 potions of curing {unknown}
 i - a potion of brilliance {unknown}
 j - a potion of heal wounds {unknown}
 l - a potion of might {unknown}
 m - a potion of haste {unknown}
 p - a potion of mutation {unknown}
 q - a potion of degeneration {unknown}


   Skills:
 + Level 1.0 Fighting
 - Level 1.7 Dodging
 - Level 1.7 Stealth
 - Level 4.1 Spellcasting
 + Level 5.8 Conjurations


You had 9 spell levels left.
You knew the following spells:

 Your Spells              Type           Power      Damage    Failure   Level
a - Magic Dart            Conj           100%       1d8       1%          1
b - Searing Ray           Conj           74%        2d7       1%          2

Your spell library contained the following spells:

 Spells                   Type           Power      Damage    Failure   Level
 Dazzling Flash           Conj/Hex       42%        N/A       7%          3
 Cigotuvi's Dreadful Rot  Necr/Pois/Air  10%        N/A       12%         2
 Wereblood                Tmut           5%         N/A       12%         2
 Ignite Poison            Fire/Tmut/Pois 5%         N/A       24%         3
 Fulminant Prism          Conj/Hex       10%        3d9       24%         4
 Iskenderun's Mystic Bla  Conj/Tloc      21%        2d6       24%         4
 Irradiate                Conj/Tmut      10%        3d15      54%         5
 Freezing Cloud           Conj/Ice/Air   8%         6-21      69%         5


Dungeon Overview and Level Annotations

Branches:
Dungeon (4/15)
 Temple: D:4-7

Altars:

Annotations:
D:3 1 runed translucent door, Opifex's ghost, amateur OpHu


Innate Abilities, Weirdness & Mutations

You are surrounded by a mild repulsion field. (EV +2)
You regenerate a little health from kills.


Message History

You hear some strange, mumbled words.
You are confused.
Your +3 spectral club disappears.
An orc wizard appears from thin air!
Reactivating autopickup.
You hit the orc wizard but do no damage.
The orc wizard is almost dead.
The orc wizard gestures at you while chanting.
The puff of flame hits you.
* * * LOW HITPOINT WARNING * * *
The orc wizard hits you but does no damage.
You barely miss the orc wizard. Your punch misses the orc wizard.
The orc wizard is almost dead.
The orc wizard hits you with a +3 dagger of protection.
* * * LOW HITPOINT WARNING * * *
You're too confused to cast spells.
Sorry, you're not good enough to have a special ability.
You're too confused to move!
The orc wizard gestures at you while chanting.
The puff of flame hits you.
* * * LOW HITPOINT WARNING * * *
Okay, then.
You bump into the rock wall.
The orc wizard casts a spell at you. The magic dart hits you.
* * * LOW HITPOINT WARNING * * *
Okay, then.
Unknown command.
Unknown command.
You are too confused!
Unknown command.
Unknown command.
You are too confused!
Okay, then.
Unknown command.
Unknown command.
You barely miss the orc wizard.
The orc wizard is almost dead.
The orc wizard hits you with a +3 dagger of protection.
You die...

##### ....# ######## ....#
......># ..>.#
#....####....###
#.)....@o.......
#######)###################
...........)...............
#######.###################
#.# #.# #.# #.# #.#


You could see an orc wizard.

Vanquished Creatures
  An ogre (D:3)
  An orc priest (D:4)
  Jessica (D:2)
  4 adders
  2 dart slugs (D:3)
  2 orcs (D:4)
  2 ball pythons
  6 endoplasms
  4 giant cockroaches
  15 goblins
  10 hobgoblins
  4 jackals (D:1)
  3 kobolds
  4 quokkas
  8 bats
  2 frilled lizards (D:2)
  6 rats
75 creatures vanquished.

Notes
Turn   | Place    | Note
-------+----------+-------------------------------------------
     0 | D:1      | Essalna the Demonspawn Conjurer began the quest for the
                  | Orb.
     0 | D:1      | Reached XP level 1. HP: 13/13 MP: 3/3
   184 | D:1      | Gained mutation: You are surrounded by a mild repulsion
                  | field. (EV +2) [demonic ancestry]
   184 | D:1      | Reached XP level 2. HP: 19/19 MP: 0/5
   687 | D:1      | Reached XP level 3. HP: 24/24 MP: 5/7
   690 | D:1      | Learned a level 2 spell: Searing Ray
  1201 | D:2      | Noticed Jessica
  1205 | D:2      | Killed Jessica
  1206 | D:2      | Gained mutation: You regenerate a little health from kills.
                  | [demonic ancestry]
  1206 | D:2      | Reached XP level 4. HP: 24/30 MP: 3/8
  1265 | D:2      | Reached skill level 5 in Conjurations
  1386 | D:2      | Found a faded altar of an unknown god.
  2114 | D:3      | Found a runed translucent door.
  2119 | D:3      | Noticed Opifex's ghost (amateur OpHu)
  2298 | D:3      | Noticed an ogre
  2303 | D:3      | Killed an ogre
  2304 | D:3      | Reached XP level 5. HP: 35/35 MP: 2/11
  2975 | D:4      | Reached skill level 1 in Fighting
  3091 | D:4      | HP: 1/37 [orc wizard/magic dart (4)]
  3092 | D:4      | Slain by an orc wizard

Illustrated notes

Levels and vault maps discovered:
D:1:      amcnicky_arrival_double_pillar, layout_rooms
D:2:      minmay_general_purpose_star, layout_rooms, basic_ecumenical_altar,
          uniq_jessica
D:3:      layout_loops_corners, mainiacjoe_overflow_boulevard,
          ebering_ghost_reflecting_pool, minmay_ogre_servants
D:4:      layout_basic, uniq_robin

Skill      XL: |  1  2  3  4  5 |
---------------+----------------+-----
Spellcasting   | 3 4 |  4.1
Conjurations   | 5 |  5.8
Fighting       | 1 |  1.0
Dodging        | |  1.7
Stealth        | |  1.7

Action                     |  1- 3 |  4- 6 || total
---------------------------+-------+-------++-------
  Melee: Whip              |    26 |       ||    26
         Unarmed           |     1 |       ||     1
         Club              |       |    29 ||    29
         Punch             |       |     1 ||     1
   Cast: Magic Dart        |    55 |    67 ||   122
         Searing Ray       |       |     2 ||     2
    Use: Scroll            |     2 |       ||     2
 Armour: Robe              |    11 |    25 ||    36
  Dodge: Dodged            |    21 |    29 ||    50

Table legend: (Time is in decaauts)
 A = Elapsed time spent in this place.
 B = Non-inter-level travel time spent in this place.
 C = Inter-level travel time spent in this place.
 D = Time resting spent in this place.
 E = Time spent auto-exploring this place.
 F = Levels seen in this place.
 G = Mean time per level.
                   A        B        C        D        E       F      G
               +--------+--------+--------+--------+--------+-----+--------+
         Total |   3100 |   2976 |    124 |      0 |   2618 |   4 |  775.0 |
       Dungeon |   3100 |   2976 |    124 |      0 |   2618 |   4 |  775.0 |
               +--------+--------+--------+--------+--------+-----+--------+

Top non-repeatable levels by time:
     D:3: 1076 daAuts
     D:1: 939 daAuts
     D:2: 929 daAuts
     D:4: 155 daAuts
